 Dungeon Crawl Stone Soup version 0.25-a0-458-g6fc7858b95 (webtiles) character file.

Game seed: 14538307573151967313, levelgen mode: deterministic

5097 Hasart the Basher (level 10, -9/69 HPs)
             Began as an Octopode Fighter on Feb 2, 2020.
             Was an Initiate of Gozag.
             Mangled by a porcupine (12 damage)
             ... on level 8 of the Dungeon.
             The game lasted 00:22:12 (10103 turns).

Hasart the Basher (Octopode Fighter)               Turns: 10103, Time: 00:22:13

Health: -9/69      AC:  1    Str: 15    XL:     10   Next: 57%
Magic:  13/13      EV: 14    Int: 17    God:    Gozag
Gold:   858        SH: 10    Dex: 11    Spells: 9/9 levels left

rFire    . . .     SeeInvis .   q - +2 flail (drain)
rCold    . . .     Gourm    .   b - +0 shield
rNeg     . . .     Faith    .   (helmet restricted)
rPois    .         Spirit   .   (no amulet)
rElec    .         Reflect  .   D - +2 ring of intelligence
rCorr    .         Harm     .   (no ring)
MR       .....                  (no ring)
Stlth    ++........             (no ring)
HPRegen  0.21/turn              (no ring)
MPRegen  0.13/turn              (no ring)
                                (no ring)
                                (no ring)

@: gold aura
A: almost no armour, stealthy swim, amphibious, 8 rings, constrict 8, camouflage
1, gelatinous body 1
a: Potion Petition, Call Merchant, Bribe Branch, Renounce Religion


You were on level 8 of the Dungeon.
You worshipped Gozag.
Gozag was pleased with you.
You were very hungry.

You visited 2 branches of the dungeon, and saw 10 of its levels.

You collected 1057 gold pieces.
You spent 96 gold pieces at shops.
You paid 103 gold pieces to Gozag.

Inventory:

Hand Weapons
 q - a +2 flail of draining (weapon)
Missiles
 f - 18 poisoned darts (quivered)
Armour
 b - a +0 shield (worn)
Jewellery
 D - a +2 ring of intelligence (left tentacle)
 G - an uncursed ring of magical power {unknown}
Wands
 o - a wand of digging (3)
 B - a wand of scattershot (5)
 F - a wand of paralysis (10)
 H - a wand of iceblast (11)
Scrolls
 e - 9 scrolls of identify {unknown}
 h - 6 scrolls of amnesia {unknown}
 i - 4 scrolls of remove curse {unknown}
 j - 2 scrolls of enchant armour {unknown}
 k - 3 scrolls of teleportation {unknown}
 l - 2 scrolls of fear {unknown}
 r - 2 scrolls of blinking {unknown}
 x - a scroll of noise {unknown}
 y - 3 scrolls of magic mapping {unknown}
 E - a scroll of random uselessness {unknown}
Potions
 a - a potion of ambrosia {unknown}
 c - 3 potions of might
 g - a potion of experience {unknown}
 m - a potion of flight {unknown}
 n - a potion of brilliance {unknown}
 p - a potion of lignification {unknown}
 s - 2 potions of degeneration {unknown}
 t - a potion of mutation
 u - a potion of agility {unknown}
 v - 3 potions of resistance {unknown}
 w - 5 potions of curing {unknown}
 z - a potion of invisibility
 A - a potion of magic {unknown}
 C - a potion of cancellation {unknown}
Comestibles
 d - 12 rations


   Skills:
 + Level 6.7 Fighting
 * Level 8.8 Maces & Flails
 + Level 5.4 Throwing
 + Level 6.8 Dodging
 + Level 6.7 Shields
 + Level 4.8 Evocations


You had 9 spell levels left.
You didn't know any spells.
Your spell library contained the following spells:

 Spells                   Type           Power        Failure   Level  Hunger
 Foxfire                  Conj/Fire      #...         56%         1    ##.....
 Summon Small Mammal      Summ           #...         56%         1    ##.....
 Call Imp                 Summ           #.......     71%         2    ###....
 Call Canine Familiar     Summ           #.......     90%         3    ####...
 Conjure Flame            Conj/Fire      #.......     90%         3    ####...
 Inner Flame              Hex/Fire       #.......     90%         3    ####...
 Summon Guardian Golem    Hex/Summ       #.......     90%         3    ####...
 Sticky Flame             Conj/Fire      #.......     100%        4    #####..
 Summon Ice Beast         Ice/Summ       #.......     100%        4    #####..
 Summon Lightning Spire   Summ/Air       #.......     100%        4    #####..
 Fireball                 Conj/Fire      #.........   100%        5    ######.


Dungeon Overview and Level Annotations

Branches:
Dungeon (9/15)             Temple (1/1) D:6            Lair (0/6) D:9
    Orc: D:9-12

Altars:
Ashenzari
Cheibriados
Dithmenos
Elyvilon
Gozag
Hepliaklqana
Kikubaaqudgha
Makhleb
Nemelex Xobeh
Okawaru
Qazlal
Ru
Trog
Uskayaw
Vehumet
Wu Jian
Xom
Yredelemnul
Zin
The Shining One

Shops:
D:5 !

Annotations:
D:3 3 runed translucent doors, LostGamesStreakFreak's ghost, amateur HaHu
D:7 2 transporters


Innate Abilities, Weirdness & Mutations

You cannot wear most types of armour.
You are very stealthy in the water. (Stealth+)
You are amphibious.
You can wear up to eight rings at the same time.
You can use your tentacles to constrict eight enemies at once.
Your skin changes colour to match your surroundings (Stealth+).
Your rubbery body absorbs attacks. (AC +1, EV +1)


Message History

The porcupine is poisoned.
You block the porcupine's attack.
Throwing (i - inventory)
f - 20 poisoned darts (quivered)
Press: ? - help, Shift-Dir - straight line, f/p - porcupine
Aim: a porcupine (lightly wounded, very poisoned)
You throw a poisoned dart. The poisoned dart hits the porcupine!
The porcupine looks as sick as possible!
The porcupine is lightly wounded.
The porcupine bites you.
* * * LOW HITPOINT WARNING * * *
The porcupine bites you!
* * * LOW HITPOINT WARNING * * *
Throwing (i - inventory)
f - 19 poisoned darts (quivered)
Press: ? - help, Shift-Dir - straight line, f/p - porcupine
Aim: a porcupine (severely wounded, very poisoned)
You throw a poisoned dart. The poisoned dart hits the porcupine.
The porcupine looks as sick as possible!
The porcupine is severely wounded.
The porcupine bites you!
You die...
Your body crumbles into a pile of gold.

.....# #.# #.....# .....# #.#
#.....# .....# #.### #.....###
.....# #...# #.......# .....####
###.# #.#####.# ........#####.#
#.# ##.#####
.....##.##....#######.####....#..
...).......................##...#
................@r...>(..(####.##
#.#[....##.############..##..#'#.
.<#...####.# #..##......
..###.####.#### #...##.._..
..............# ####...##...#
..............# #..).#..##.##
.....#........# #....(...###.
##............# #...#.#......
##..##[...)..<# #...#..#.####


You could see a porcupine.

Vanquished Creatures
  A two-headed ogre (D:9)
  A troll (D:9)
  2 hippogriffs
  A basilisk (D:9)
  2 yaks
  A water moccasin (D:8)
  4 sky beasts
  An ice beast (D:5)
  2 orc warriors
  2 porcupines (D:9)
  A phantom (D:9)
  A black bear (D:6)
  3 ogres
  4 centaurs
  2 crocodiles (D:9)
  5 bullfrogs
  2 scorpions
  2 howler monkeys
  2 crimson imps (D:7)
  4 jellies
  6 hounds
  A bullfrog skeleton (D:4)
  6 orc priests
  2 iguanas (D:3)
  6 orc wizards
  2 worker ants
  A worker ant zombie (D:7)
  9 adders
  6 shadow imps
  2 oozes
  An adder zombie (D:9)
  2 adder skeletons
  4 worms
  2 dart slugs
  2 leopard geckos
  25 orcs
  5 bats
  6 giant cockroaches
  7 goblins
  7 hobgoblins
  17 jackals
  10 kobolds
  3 quokkas
  A ball python (D:1)
  A ball python skeleton (D:4)
  4 frilled lizards
  A leopard gecko skeleton (D:6)
  3 quokka skeletons
  3 rats
188 creatures vanquished.

Vanquished Creatures (others)
  A bush (D:9)
  2 fungi (D:9)
  12 plants (D:9)
15 creatures vanquished.

Grand Total: 203 creatures vanquished

Notes
Turn   | Place    | Note
-------+----------+-------------------------------------------
     0 | D:1      | Hasart the Octopode Fighter began the quest for the Orb.
     0 | D:1      | Reached XP level 1. HP: 16/16 MP: 1/1
   182 | D:1      | Reached XP level 2. HP: 21/21 MP: 2/2
   354 | D:1      | Reached XP level 3. HP: 24/26 MP: 3/3
   776 | D:2      | Reached skill level 3 in Maces & Flails
   776 | D:2      | Reached XP level 4. HP: 31/31 MP: 4/4
   783 | D:2      | Found a faded altar of an unknown god.
   907 | D:2      | Noticed an ogre
   916 | D:2      | Killed an ogre
   916 | D:2      | Reached XP level 5. HP: 30/37 MP: 5/5
  1683 | D:3      | Reached skill level 4 in Maces & Flails
  1683 | D:3      | Reached XP level 6. HP: 20/43 MP: 6/6
  2186 | D:3      | Reached skill level 1 in Throwing
  2325 | D:3      | Found a runed translucent gate.
  2325 | D:3      | Found a runed translucent gate.
  2325 | D:3      | Found a runed translucent gate.
  2327 | D:3      | Identified the +3 dagger "Tibrats" {drain, *Corrode rElec
                  | MR+++ Dex-4}
  2329 | D:3      | Noticed LostGamesStreakFreak's ghost (amateur HaHu)
  3075 | D:4      | Reached XP level 7. HP: 40/48 MP: 7/7
  3480 | D:5      | Entered Level 5 of the Dungeon
  3644 | D:5      | Found Jygg's Distillery.
  3652 | D:5      | Bought a potion of mutation for 96 gold pieces
  3707 | D:5      | Reached skill level 5 in Maces & Flails
  3836 | D:4      | HP: 2/49 [something (6)]
  4633 | D:5      | Found a stormy altar of Qazlal.
  4649 | D:5      | Found a hide-covered altar of Uskayaw.
  4649 | D:5      | Noticed a +0 dagger
  4655 | D:5      | Noticed a +0 hand axe
  4890 | D:6      | Reached XP level 8. HP: 42/54 MP: 8/8
  5351 | D:6      | Found a staircase to the Ecumenical Temple.
  5362 | Temple   | Entered the Ecumenical Temple
  5443 | Temple   | Became a worshipper of Gozag Ym Sagoz the Greedy
  5571 | D:6      | Reached skill level 5 in Dodging
  5600 | D:6      | Reached skill level 5 in Fighting
  5600 | D:6      | Reached skill level 6 in Maces & Flails
  5600 | D:6      | Reached skill level 5 in Shields
  5600 | D:6      | Reached skill level 1 in Evocations
  6111 | D:7      | Found a basalt altar of Yredelemnul.
  6239 | D:7      | Found a burning altar of Makhleb.
  6239 | D:7      | Noticed an Executioner
  6301 | D:7      | Reached XP level 9. HP: 13/61 MP: 10/10
  6654 | D:7      | Found a shadowy altar of Dithmenos.
  6656 | D:7      | Noticed a centaur warrior
  6658 | D:7      | Found a transporter.
  6667 | D:7      | Found a transporter.
  6763 | D:7      | Found a white marble altar of Elyvilon.
  7200 | D:8      | Reached skill level 7 in Maces & Flails
  7873 | D:8      | Found a sparkling altar of Nemelex Xobeh.
  8135 | D:9      | Found a shadowy altar of Dithmenos.
  8581 | D:9      | Noticed a troll
  8582 | D:9      | Found a staircase to the Lair.
  8920 | D:8      | Reached skill level 8 in Maces & Flails
  8920 | D:8      | Reached XP level 10. HP: 26/68 MP: 11/13
  9342 | D:9      | Reached skill level 5 in Throwing
  9456 | D:9      | HP: 3/69 [orc priest/divine providence (12)]
 10057 | D:9      | Noticed a two-headed ogre
 10085 | D:9      | Killed a two-headed ogre
 10101 | D:8      | HP: 2/69 [porcupine (13)]
 10103 | D:8      | Mangled by a porcupine

Levels and vault maps discovered:
D:1:      dpeg_arrival_rooms_with_view, layout_basic
D:2:      layout_loops_ring, chequers_ecumenical_altar_simple_redux
D:3:      layout_loops_ring, gammafunk_ghost_nasty_kobolds
D:4:      layout_loops_cross, first_ration, minmay_misc_feat_alley
D:5:      layout_loops_ring, dancing_weapons_uskayaw, serial_shops, shop_statue,
          grunt_qazlal_clouds
D:6:      layout_loops_ring, minmay_temple_entry_glassed_door
D:7:      layout_loops_ring, elyvilon_altar_4, yredelemnul_altar_generic,
          gammafunk_temple_overflow_arena, serial_rivers,
          chequers_serial_rivers_micro_c, chequers_serial_rivers_room_b,
          chequers_serial_rivers_micro_a, chequers_serial_rivers_large_a,
          chequers_serial_rivers_small_b, chequers_serial_rivers_micro_a,
          makhleb_altar_promises_db
D:8:      layout_basic, nemelex_lonely_heart_becter
D:9:      layout_roguey, minmay_lair_entry_grove, basic_altar
Temple:   regret_index_temple_mists

Skill      XL: |  1  2  3  4  5  6  7  8  9 10 |
---------------+-------------------------------+-----
Maces & Flails | 3 4 5 6 8 |  8.8
Throwing       | 1 2 3 4 5 |  5.4
Dodging        | 4 5 6 |  6.8
Fighting       | 4 5 6 |  6.7
Shields        | 4 5 6 |  6.7
Evocations     | 2 4 |  4.8

Action                   |  1- 3 |  4- 6 |  7- 9 | 10-12 || total
-------------------------+-------+-------+-------+-------++-------
Melee: Flail             |    47 |   107 |   236 |    65 ||   455
       Constrict         |    12 |    25 |    35 |     8 ||    80
       Tentacles         |     8 |    18 |    43 |    13 ||    82
Throw: Dart              |       |     6 |    40 |    23 ||    69
Invok: Potion Petition   |       |       |       |     1 ||     1
 Stab: Sleeping          |     9 |    10 |     7 |     2 ||    28
  Eat: Chunk             |       |     7 |     7 |       ||    14
       Ration            |       |       |     3 |     1 ||     4
Armor: Skin              |       |     5 |    10 |       ||    15
Dodge: Dodged            |    12 |    39 |   112 |    24 ||   187
Block: Shield            |    14 |    25 |    85 |    26 ||   150

Table legend:
 A = Non-vault XP
 B = Vault XP
 C = Vault XP percentage of total XP
 D = Non-vault monster count
 E = Vault monster count
 F = Vault count percentage of total count
                 A         B        C        D         E       F
            +---------+---------+-------+---------+---------+-------
      Total |    5903 |    1379 |  18.9 |     178 |      10 |   5.3
            +---------+---------+-------+---------+---------+-------
        D:1 |      32 |       4 |  11.1 |      17 |       2 |  10.5
        D:2 |     187 |       0 |   0.0 |      20 |       0 |   0.0
        D:3 |     241 |       0 |   0.0 |      28 |       0 |   0.0
        D:4 |     366 |       0 |   0.0 |      23 |       0 |   0.0
        D:5 |     298 |       0 |   0.0 |       9 |       0 |   0.0
        D:6 |     868 |       0 |   0.0 |      22 |       0 |   0.0
        D:7 |     570 |       0 |   0.0 |      20 |       0 |   0.0
        D:8 |    1057 |     202 |  16.0 |      15 |       1 |   6.2
        D:9 |    2284 |    1173 |  33.9 |      24 |       7 |  22.6
            +---------+---------+-------+---------+---------+-------
